 Dungeon Crawl Stone Soup version 0.30-a0-900-g23479c02f2 (webtiles) character file.

Game seed: 16060216350679991253

46 gelatine the Chopper (level 3, -6/28 HPs)
             Began as a Demonspawn Gladiator on Mar 19, 2023.
             Killed by divine providence
             ... invoked by an orc priest
              (14 damage)
             ... on level 3 of the Dungeon.
             The game lasted 00:03:18 (1724 turns).

gelatine the Chopper (Demonspawn Gladiator)         Turns: 1724, Time: 00:03:19

Health: -6/28      AC:  6    Str: 16    XL:     3   Next: 46%
Magic:  3/3        EV: 17    Int:  9    God:
Gold:   134        SH:  0    Dex: 14    Spells: 2/2 levels left

rFire   . . .      SeeInvis .    a - +0 war axe
rCold   . . .      Faith    .    (no shield)
rNeg    . . .      Spirit   .    b - +0 leather armour
rPois   .          Reflect  .    s - +2 helmet
rElec   .          Rampage  .    (no cloak)
rCorr   .                        (no gloves)
Will    +....                    (no boots)
Stlth   +                        (no amulet)
HPRegen 0.24/turn                l - +5 ring of evasion
MPRegen 0.08/turn                m - ring of willpower

@: no status effects
A: spiny 1
a: no special abilities


You were on level 3 of the Dungeon.
You visited 1 branch of the dungeon, and saw 3 of its levels.

You collected 134 gold pieces.

Inventory:

Hand Weapons
 a - a +0 war axe (weapon)
Missiles
 d - 3 throwing nets
 e - a javelin
 j - 2 atropa-tipped darts (quivered)
 k - 3 poisoned darts
Armour
 b - a +0 leather armour (worn)
 s - a +2 helmet (worn)
Jewellery
 l - a +5 ring of evasion (left hand)
 m - a ring of willpower (right hand)
Scrolls
 g - a scroll of magic mapping {unknown}
 h - 3 scrolls of identify {unknown}
 i - a scroll of enchant armour {unknown}
 q - 2 scrolls of fog {unknown}
Potions
 f - a potion of brilliance {unknown}
 n - a potion of cancellation {unknown}
 o - a potion of degeneration {unknown}
 p - a potion of curing {unknown}
 r - a potion of might {unknown}


   Skills:
 * Level 2.4 Fighting
 + Level 3.2 Axes
 + Level 1.8 Throwing
 * Level 1.0 Armour
 * Level 3.1 Dodging
 + Level 0.2 Stealth


You had 2 spell levels left.
You didn't know any spells.
Your spell library was empty.

Dungeon Overview and Level Annotations

Branches:
Dungeon (3/15)

Altars:


Innate Abilities, Weirdness & Mutations

You are partially covered in sharp spines.


Message History

You catch the helpless orc completely off-guard!
You hit the orc.
The orc is heavily wounded.
The orc seems less confused.
The orc is struck by your spines.
You kill the orc!
The orc throws a boomerang.
The boomerang misses you.
The orc priest invokes the aid of Beogh against you.
Beogh smites you!
You barely miss the orc. The orc completely misses you.
The orc priest calls down the wrath of Beogh upon you.
Beogh smites you!
* * * LOW HITPOINT WARNING * * *
Unknown command.
It was a potion of heal wounds.
You feel much better. The orc hits you but does no damage.
You hit the orc but do no damage. The orc is struck by your spines.
The orc completely misses you.
You completely miss the orc priest. You closely miss the orc.
The orc priest calls down the wrath of Beogh upon you.
Pain shoots through your body! The orc is struck by your spines.
The orc hits you but does no damage.
You slash the orc!
You kill the orc!
You barely miss the orc priest.
The orc priest calls down the wrath of Beogh upon you.
Beogh smites you! The orc priest closely misses you.
The orc priest hits you with a +0 club.
* * * LOW HITPOINT WARNING * * *
Things that are here:
a +0 club; a boomerang; an atropa-tipped dart Unknown command.
You slash the orc priest!
The orc priest is severely wounded.
You closely miss the orc priest. You hit the orc priest.
A rat comes into view.
The orc priest hits you but does no damage.
The orc priest invokes the aid of Beogh against you.
Beogh smites you!
Ouch! That really hurt!
You die...

.. ..#####
##.....## ##
#..#.<..# ..#
#.......#...#
#.<._.#....
#.......#
#..#o<..#
#o@...##
#.r.o#####
##... ###. ##


You could see 3 orc priests and a rat (wandering).

Vanquished Creatures
  2 dart slugs (D:1)
  2 orcs (D:3)
  4 endoplasms (D:1)
  3 giant cockroaches
  3 hobgoblins
  4 jackals (D:1)
  5 ball pythons
  2 bats (D:1)
  4 frilled lizards (D:1)
  6 kobolds
  A rat (D:1)
36 creatures vanquished.

Notes
Turn   | Place    | Note
-------+----------+-------------------------------------------
     0 | D:1      | gelatine the Demonspawn Gladiator began the quest for the
                  | Orb.
     0 | D:1      | Reached XP level 1. HP: 16/16 MP: 1/1
   201 | D:1      | Gained mutation: You are partially covered in sharp spines.
                  | [demonic ancestry]
   201 | D:1      | Reached XP level 2. HP: 20/22 MP: 2/2
   455 | D:1      | Reached XP level 3. HP: 27/27 MP: 3/3
  1194 | D:2      | Reached skill level 1 in Armour
  1714 | D:3      | Found a faded altar of an unknown god.
  1724 | D:3      | Killed from afar by an orc priest

Illustrated notes

Levels and vault maps discovered:
D:1:      dpeg_arrival_ternary, layout_basic
D:2:      layout_basic
D:3:      layout_basic, elyvilon_altar_3, eat_drink_and_be_merry_uskayaw,
          nicolae_ecumenical_pavilion, grunt_decor_clamped

Skill      XL: |  1  2  3 |
---------------+----------+-----
Dodging        | 3 |  3.1
Axes           | 3 |  3.2
Armour         | 1 |  1.0
Fighting       | |  2.4
Throwing       | |  1.8
Stealth        | |  0.2

Action                     || total
---------------------------++-------
  Melee: War axe           ||    58
  Throw: Dart              ||    16
         Throwing net      ||     1
    Use: Potion            ||     1
   Stab: Invisible         ||     4
 Armour: Leather armour    ||    12
  Dodge: Dodged            ||    48

Table legend: (Time is in decaauts)
 A = Elapsed time spent in this place.
 B = Non-inter-level travel time spent in this place.
 C = Inter-level travel time spent in this place.
 D = Time resting spent in this place.
 E = Time spent auto-exploring this place.
 F = Levels seen in this place.
 G = Mean time per level.
                   A        B        C        D        E       F      G
               +--------+--------+--------+--------+--------+-----+--------+
         Total |   1741 |   1691 |     50 |      0 |   1405 |   3 |  580.3 |
       Dungeon |   1741 |   1691 |     50 |      0 |   1405 |   3 |  580.3 |
               +--------+--------+--------+--------+--------+-----+--------+

Top non-repeatable levels by time:
     D:1: 902 daAuts
     D:2: 827 daAuts
     D:3: 11 daAuts
